 Dungeon Crawl Stone Soup version 0.23.1 (webtiles) character file.

Game seed: 0

849 LostNumber the Ruffian (level 8, 0/87 HPs)
             Began as an Ogre Transmuter on Mar 14, 2019.
             Was a Priest of Ru.
             Slain by Grum
             ... wielding a +1 spear of piercing
              (1 damage)
             ... on level 8 of the Dungeon.
             The game lasted 00:19:08 (10326 turns).

LostNumber the Ruffian (Ogre Transmuter)           Turns: 10326, Time: 00:19:08

Health: 0/87       AC:  2    Str: 21    XL:     8   Next: 1%
Magic:  23/26      EV: 22    Int: 17    God:    Ru [***...]
Gold:   337        SH:  0    Dex: 19    Spells: 9/19 levels left

rFire    . . .     SeeInvis .     - Unarmed
rCold    . . .     Gourm    .   (shield currently unavailable)
rNeg     . . .     Faith    .   (armour currently unavailable)
rPois    x         Spirit   .   (helmet currently unavailable)
rElec    .         Reflect  .   (cloak currently unavailable)
rCorr    .         Harm     .   (gloves unavailable)
MR       .....                  (boots unavailable)
Stlth    +++.......             (no amulet)
HPRegen  0.24/turn              k - ring of magical power
MPRegen  0.20/turn              (no ring)

@: mighty, agile, exhausted, spider-form, very slightly contaminated, lightly
drained
A: tiny, unfitting armour, inability to train dodging, inexperienced 1
a: End Transformation, Draw Out Power, Renounce Religion


You were on level 8 of the Dungeon.
You worshipped Ru.
Ru was most pleased with you.
You were not hungry.
You were a venomous arachnid creature.
You visited 1 branch of the dungeon, and saw 8 of its levels.

You collected 337 gold pieces.

Inventory:

Hand Weapons
 x - the +7 Singing Sword {slice, sonic wave}
   (You found it on level 5 of the Dungeon)

   It inflicts extra damage upon your enemies.
Missiles
 a - 128 arrows
 q - a throwing net (quivered) {!f}
Armour
 b - a +0 robe (melded)
 m - a +0 cloak (melded)
   (You found it on level 1 of the Dungeon)
 r - a +0 shield
   (You found it on level 3 of the Dungeon)
Jewellery
 k - a ring of magical power (left front leg)
   (You found it on level 1 of the Dungeon)
Wands
 p - a wand of polymorph (10)
   (You found it on level 5 of the Dungeon)
 u - a wand of enslavement (8)
   (You found it on level 4 of the Dungeon)
 v - a wand of digging (5)
   (You found it on level 2 of the Dungeon)
Scrolls
 d - 4 scrolls of remove curse {@r2}
 i - 3 scrolls of identify {@r1}
 j - 4 scrolls of amnesia
 l - a scroll of magic mapping
 o - 2 scrolls of enchant weapon
 s - a scroll of teleportation {@r4}
 t - 2 scrolls of immolation {!r}
Potions
 c - 3 potions of flight
 f - a potion of cancellation
 g - a potion of mutation {!q}
 h - a potion of might
 n - a potion of magic
 z - a potion of haste {@q3}
 A - a potion of heal wounds {@q2}
Comestibles
 e - 13 rations {!d}


   Skills:
 + Level 7.1(6.9) Fighting
 * Level 7.7(7.5) Unarmed Combat
 + Level 6.2(6.0) Spellcasting
 * Level 5.7(5.5) Transmutations
 - Level 3.0(2.8) Ice Magic
 - Level 1.0(0.8) Poison Magic


You had 9 spell levels left.
You knew the following spells:

 Your Spells              Type           Power        Failure   Level  Hunger
a - Beastly Appendage     Tmut           ###...       6%          1    None
c - Ice Form              Ice/Tmut       ###.....     43%         4    ####...
s - Sticks to Snakes      Tmut           ###.....     8%          2    None
x - Spider Form           Tmut/Pois      ###.......   26%         3    ##.....

Your spell library contained the following spells:

 Spells                   Type           Power        Failure   Level  Hunger
 Passwall                 Tmut/Erth      ##......     17%         2    None
 Flame Tongue             Conj/Fire      #....        30%         1    None
 Sandblast                Erth           #.....       30%         1    None
 Throw Flame              Conj/Fire      #.....       38%         2    None
 Conjure Flame            Conj/Fire      #.......     58%         3    ##.....
 Inner Flame              Hex/Fire       #.......     58%         3    ##.....
 Stone Arrow              Conj/Erth      #.....       58%         3    ##.....
 Blade Hands              Tmut           ###.......   58%         5    #####..
 Petrify                  Tmut/Erth      ##......     61%         4    ####...
 Sticky Flame             Conj/Fire      #.......     90%         4    ####...
 Fireball                 Conj/Fire      #.........   99%         5    #####..
 Lee's Rapid Deconstruct  Erth           #.........   99%         5    #####..


Dungeon Overview and Level Annotations

Branches:
Dungeon (8/15)             Temple (0/1) D:7
   Lair: D:8-11

Altars:
Elyvilon
Gozag
Okawaru
Ru
Sif Muna
Uskayaw
Xom
Yredelemnul
The Shining One

Annotations:
D:4 Duvessa
D:7 Menkaure
D:8 Grum


Innate Abilities, Weirdness & Mutations

You are too large for most types of armour.
((You have tough skin. (AC +1)))
You cannot train Dodging skill.
You are somewhat inexperienced. (-2 XL)


Message History

Your ball python bites Grum but does no damage.
Your ball python constricts Grum.
Grum escapes!
Your ball python bites the wolf.
Your ball python grabs the wolf.
Your ball python constricts the wolf.
A wolf comes into view.
The wolf barely misses your ball python.
The wolf bites your ball python.
Your ball python dies!
Your transformation has ended.
Your +0 cloak unmelds from your body.
Your +0 robe unmelds from your body.
You feel much better.
You feel very mighty all of a sudden. The wolf bites you!
* * * LOW HITPOINT WARNING * * *
You miscast Spider Form.
You are very lightly contaminated with residual magic.
The air around you crackles with energy!
The wolf closely misses you.
Unknown command.
You feel agile all of a sudden.
Grum is no longer blind.
The wolf bites you.
* * * LOW HITPOINT WARNING * * *
The wolf barely misses you.
You are restored by drawing out deep reserves of power within.
You feel drained. The wolf completely misses you. The wolf bites you.
Unknown command.
You turn into a venomous arachnid creature.
Your +0 cloak melds into your body.
Your +0 robe melds into your body.
The wolf bites you.
* * * LOW HITPOINT WARNING * * *
The wolf misses you.
You bite the wolf!
The wolf looks as sick as possible!
The wolf closely misses you.
Grum points his finger and grunts, "Attack!"
Grum hits you from afar with a +1 spear of piercing!!
* * * LOW HITPOINT WARNING * * *
* * * LOW HITPOINT WARNING * * *
You barely miss the wolf. The wolf bites you.
* * * LOW HITPOINT WARNING * * *
Grum completely misses you. The wolf misses you.
You maul the wolf!!
You kill the wolf!
Welcome back to level 8!
Grum closely misses you.
You see here a wolf corpse.
Unknown command.
You bite Grum!
Grum hits you with a +1 spear of piercing!
* * * LOW HITPOINT WARNING * * *
You die...

######.#.######
#...........)<#
#..###..#####.#
..######..#.>..# #.#
#....>....#.#.######.#
#########.#.#......#..
## #.#.######.###
##.############.#.#
#.#
#...†...hhgs....#.#
###
##h##############.# #.
#.. #g #. hh ##


You could see Grum and 2 wolves.

Vanquished Creatures
  Joseph (D:7)
  Prince Ribbit (D:7)
  An orc warrior (D:6)
  A sky beast (D:7)
  A phantom (D:6)
  2 ogres
  2 wolves (D:8)
  A centaur (D:5)
  3 bullfrogs
  A gnoll sergeant (D:7)
  Dowan (D:4)
  7 scorpions
  3 wights (D:7)
  2 crimson imps
  A centaur zombie (D:7)
  5 hounds
  2 orc priests
  6 orc wizards
  5 worker ants
  2 hound skeletons (D:5)
  Robin (D:2)
  11 gnolls
  8 adders
  2 shadow imps
  An adder skeleton (D:5)
  4 worms
  A dart slug (D:2)
  7 leopard geckos
  8 orcs
  9 bats
  4 giant cockroaches
  18 goblins
  10 hobgoblins
  12 jackals
  9 kobolds
  2 quokkas
  4 frilled lizards
  A leopard gecko skeleton (D:5)
  8 rats
168 creatures vanquished.

Vanquished Creatures (collateral kills)
  A necrophage (D:5)
  A hound (D:6)
  An orc (D:6)
  2 goblins (D:2)
  A hobgoblin (D:2)
  A frilled lizard (D:4)
7 creatures vanquished.

Vanquished Creatures (others)
  A fungus (D:5)
1 creature vanquished.

Grand Total: 176 creatures vanquished

Notes
Turn   | Place    | Note
-------+----------+-------------------------------------------
     0 | D:1      | LostNumber the Ogre Transmuter began the quest for the Orb.
     0 | D:1      | Reached XP level 1. HP: 19/19 MP: 3/3
    68 | D:1      | Reached XP level 2. HP: 13/28 MP: 1/5
    77 | D:1      | Learned a level 2 spell: Sticks to Snakes
   778 | D:1      | Reached XP level 3. HP: 33/36 MP: 4/6
   818 | D:1      | Learned a level 3 spell: Spider Form
  1002 | D:2      | Noticed Robin
  1098 | D:2      | Killed Robin
  1835 | D:2      | Reached XP level 4. HP: 44/44 MP: 7/7
  1954 | D:2      | Found a glowing golden altar of the Shining One.
  2738 | D:3      | Found a basalt altar of Yredelemnul.
  2738 | D:3      | Found a sacrificial altar of Ru.
  2742 | D:3      | Found a hide-covered altar of Uskayaw.
  2742 | D:3      | Found an opulent altar of Gozag.
  2813 | D:3      | Became a worshipper of Ru the Awakened
  3018 | D:4      | Reached skill level 1 in Poison Magic
  3022 | D:4      | Reached XP level 5. HP: 48/53 MP: 9/9
  3047 | D:4      | Noticed an ogre
  3057 | D:4      | Killed an ogre
  3106 | D:4      | Learned a level 4 spell: Ice Form
  3141 | D:4      | Reached XP level 6. HP: 21/61 MP: 10/10
  3861 | D:4      | Found an iron altar of Okawaru.
  3906 | D:4      | Reached skill level 1 in Ice Magic
  4216 | D:4      | Noticed Dowan
  4239 | D:4      | Killed Dowan
  4272 | D:4      | Reached XP level 7. HP: 59/70 MP: 12/12
  4294 | D:4      | Noticed Duvessa
  4305 | D:4      | HP: 1/70 [poisoned by Duvessa]
  4833 | D:5      | Entered Level 5 of the Dungeon
  4842 | D:5      | Reached skill level 5 in Unarmed Combat
  5161 | D:5      | Gained mutation: You cannot train Dodging skill. [Ru
                  | sacrifice]
  5161 | D:5      | Reached * piety under Ru
  6516 | D:5      | Reached XP level 8. HP: 61/79 MP: 14/14
  6517 | D:5      | Reached skill level 5 in Fighting
  6722 | D:5      | Found the +7 Singing Sword {slice, sonic wave}
  7442 | D:6      | Found a white marble altar of Elyvilon.
  7442 | D:6      | Found a shimmering altar of Xom.
  7443 | D:6      | Found a deep blue altar of Sif Muna.
  7577 | D:6      | Reached skill level 5 in Spellcasting
  7832 | D:7      | Noticed Prince Ribbit
  8292 | D:7      | Killed Prince Ribbit
  8292 | D:7      | Reached XP level 9. HP: 89/89 MP: 17/17
  8538 | D:7      | Noticed Joseph
  8561 | D:7      | HP: 4/91 [Joseph/+0 quarterstaff of protection (6)]
  8562 | D:7      | Killed Joseph
  8562 | D:7      | Reached skill level 5 in Transmutations
  9089 | D:7      | Noticed Menkaure
  9531 | D:7      | Found a staircase to the Ecumenical Temple.
 10075 | D:7      | Gained mutation: You are somewhat inexperienced. (-2 XL)
                  | [Ru sacrifice]
 10075 | D:7      | Reached XP level 8. HP: 87/87 MP: 26/26
 10075 | D:7      | Reached XP level 7. HP: 78/78 MP: 25/25
 10075 | D:7      | Reached ** piety under Ru
 10075 | D:7      | Reached *** piety under Ru
 10295 | D:8      | Noticed Grum
 10324 | D:8      | Reached XP level 8. HP: 17/87 MP: 17/17
 10326 | D:8      | HP: 1/87 [Grum/+1 spear of piercing (17)]
 10326 | D:8      | Slain by Grum

Skill      XL: |  1  2  3  4  5  6  7  8  9 |
---------------+----------------------------+-----
Unarmed Combat | 3 4 5 6 7 |  7.7
Fighting       | 2 3 4 6 7 |  7.1
Transmutations | 2 3 4 5 |  5.7
Poison Magic   | 1 |  1.0
Spellcasting   | 3 4 5 6 |  6.2
Ice Magic      | 1 2 3 |  3.0
Dodging        | 0 |  0.0

Action                   |  1- 3 |  4- 6 |  7- 9 || total
-------------------------+-------+-------+-------++-------
Melee: Unarmed           |   118 |   164 |   377 ||   659
       Kick              |     7 |    14 |    17 ||    38
       Headbutt          |     6 |     3 |    13 ||    22
       Punch             |     2 |     2 |     4 ||     8
 Cast: Beastly Appendage |    21 |    13 |    26 ||    60
       Sticks to Snakes  |     2 |     3 |    16 ||    21
       Spider Form       |     1 |     9 |    25 ||    35
Invok: Draw Out Power    |       |       |     1 ||     1
       Sacrifice Nimblen |       |       |     1 ||     1
       Sacrifice Experie |       |       |     1 ||     1
 Abil: End Transformatio |       |       |     2 ||     2
Evoke: Wand              |       |       |     1 ||     1
  Use: Scroll            |     7 |       |     8 ||    15
       Potion            |     2 |       |     8 ||    10
 Stab: Held in net/web   |       |       |     1 ||     1
       Distracted        |       |       |     1 ||     1
       Sleeping          |       |       |     1 ||     1
  Eat: Chunk             |     4 |     9 |    21 ||    34
Armor: Robe              |    25 |    30 |    53 ||   108
       Skin              |       |     6 |     7 ||    13
Dodge: Dodged            |    72 |    80 |   216 ||   368
